Map: Jagannatha LE

Players

PattyMac

  • Race: Protoss Protoss

Scarlett - Winner!

  • Race: Zerg Zerg

Event: DreamHack SC2 Masters 2021 Winter

VOD

Have the link to the VOD?

Description

Time

  • Played on: Oct. 7, 2021, 4:44 p.m.
  • Length: 9:33

All games in this series

Show
View Real Time Build Order
Export as new Build Order

PattyMac Protoss 

Build Orders:  

Get SALT Encoding   

  12  0:00  Probe  
  13  0:13  Pylon  
  13  0:17  Probe (Chrono Boost)  
  14  0:27  Probe (Chrono Boost)  
  15  0:32  Probe (Chrono Boost)  
  16  0:42  Gateway  
  16  0:44  Probe  
  16  0:49  Assimilator  
  17  0:56  Probe  
  18  1:03  Forge  
  18  1:08  Probe  
  19  1:14  Pylon  
  19  1:22  Probe  
  20  1:36  Cybernetics Core  
  20  1:40  Photon Cannon  
  20  1:43  Probe  
  21  1:52  Photon Cannon  
  21  1:58  Pylon  
  21  2:10  Pylon  
  21  2:15  Pylon  
  21  2:18  Adept (Chrono Boost), Probe  
  22  2:31  Nexus  
  22  2:35  Warp Gate  
  22  2:44  Probe  
  22  2:45  Assimilator  
  23  2:57  Probe  
  24  2:59  Pylon  
  26  3:10  Probe  
  27  3:17  Stargate  
  27  3:21  Stalker (Chrono Boost)  
  27  3:30  Photon Cannon  
  27  3:32  Shield Battery  
  27  3:43  Stalker, Probe  
  30  3:53  Shield Battery  
  30  4:00  Oracle (Chrono Boost)  
  33  4:12  Probe  
  33  4:13  Probe  
  33  4:28  Probe (Chrono Boost)  
  33  4:29  Probe (Chrono Boost)  
  35  4:38  Probe (Chrono Boost), Oracle  
  40  4:40  Probe (Chrono Boost)  
  40  4:43  Probe (Chrono Boost)  
  41  4:46  Gateway  
  41  4:50  Probe (Chrono Boost)  
  42  4:55  Gateway, Probe (Chrono Boost)  
  43  5:06  Probe x2 (Chrono Boost)  
  45  5:07  Adept  
  45  5:11  Probe (Chrono Boost)  
  45  5:13  Probe  
  49  5:16  Oracle  
  52  5:22  Pylon  
  52  5:23  Probe  
  53  5:30  Probe  
  53  5:33  Nexus  
  54  5:40  Probe  
  54  5:42  Probe, Pylon  
  53  5:52  Probe  
  53  5:53  Twilight Council  
  51  5:57  Shield Battery  
  51  6:01  Adept  
  51  6:02  Sentry x2  
  57  6:07  Probe x2  
  57  6:09  Assimilator  
  59  6:11  Assimilator  
  59  6:19  Probe  
  59  6:21  Probe  
  61  6:30  Robotics Facility, Forge  
  61  6:31  Probe  
  62  6:40  Pylon  
  62  6:43  Pylon  
  62  6:44  Probe  
  63  6:50  Phoenix x2  
  63  6:51  Dark Shrine  
  63  7:01  Protoss Ground Weapons Level 1 (Chrono Boost)  
  63  7:02  Probe x3 (Chrono Boost)  
  63  7:04  Charge  
  64  7:11  Probe x3 (Chrono Boost)  
  64  7:15  Pylon  
  65  7:16  Probe x3 (Chrono Boost)  
  65  7:19  Immortal (Chrono Boost)  
  65  7:20  Pylon  
  72  7:26  Pylon  
  72  7:28  Stalker x3, Probe  
  79  7:30  Probe x2  
  79  7:33  Assimilator  
  81  7:39  Assimilator  
  81  7:40  Probe  
  82  7:45  Probe x2  
  82  7:48  Pylon  
  84  7:51  Immortal (Chrono Boost)  
  88  7:59  Probe  
  88  8:02  Probe  
  88  8:04  Robotics Bay, Dark Templar  
  89  8:08  Dark Templar, Probe  
  89  8:10  Stalker  
  94  8:16  Gateway, Archon  
  94  8:17  Gateway  
  94  8:27  Gateway x2  
  94  8:30  Gateway  
  94  8:33  Warp Prism (Chrono Boost)  
  96  8:40  Zealot x2  
  97  8:50  Dark Templar  
  97  9:01  Zealot  
Show
View Real Time Build Order
Export as new Build Order

Scarlett Zerg - Winner!

Build Orders: Pool First 

Get SALT Encoding   

  12  0:00  Drone  
  13  0:12  Overlord  
  13  0:17  Drone  
  14  0:30  Drone x2  
  16  0:42  Spawning Pool  
  15  0:46  Drone  
  15  0:49  Drone  
  17  1:13  Hatchery  
  17  1:14  Drone  
  17  1:29  Zergling x6, Extractor  
  19  1:35  Queen  
  21  1:45  Drone, Extractor  
  21  1:52  Roach Warren  
  20  1:59  Drone  
  21  2:04  Overlord  
  21  2:24  Drone x2  
  23  2:39  Drone x3  
  26  2:46  Roach x2  
  30  2:52  Roach  
  32  3:05  Drone x3  
  34  3:11  Overlord  
  34  3:16  Ravager x2  
  36  3:28  Overlord  
  36  3:31  Ravager  
  36  3:32  Drone x4  
  41  3:38  Queen  
  41  3:39  Drone  
  44  3:56  Drone x5  
  48  4:10  Drone x3  
  48  4:11  Overlord  
  51  4:25  Drone  
  51  4:26  Overlord  
  51  4:29  Queen x2  
  50  4:38  Hatchery  
  50  4:40  Drone x4  
  50  4:43  Spore Crawler  
  50  4:45  Drone  
  49  4:47  Metabolic Boost  
  49  4:51  Spore Crawler  
  48  4:56  Overlord  
  48  5:00  Drone  
  48  5:01  Drone x3  
  48  5:05  Queen  
  54  5:14  Queen  
  54  5:16  Roach x3  
  54  5:20  Drone  
  63  5:25  Drone  
  63  5:27  Extractor  
  63  5:28  Drone x3, Extractor  
  63  5:32  Drone  
  66  5:37  Ravager x2, Spore Crawler  
  67  5:43  Evolution Chamber  
  64  5:51  Drone x3  
  64  5:52  Drone x3  
  70  6:01  Lair  
  70  6:03  Drone x3  
  73  6:09  Zerg Missile Weapons Level 1, Overlord x3  
  73  6:16  Overlord x2  
  73  6:20  Extractor  
  73  6:21  Extractor  
  73  6:25  Drone x2, Overlord  
  73  6:28  Drone  
  73  6:29  Drone x3  
  77  6:33  Drone x3  
  77  6:36  Zergling x2  
  82  6:40  Drone x3  
  82  6:41  Drone  
  82  6:44  Drone x3  
  88  6:53  Hatchery  
  87  6:56  Roach  
  89  7:07  Zergling x4, Glial Reconstitution  
  90  7:08  Overseer  
  90  7:10  Drone  
  90  7:14  Queen  
  90  7:15  Queen x2  
  96  7:24  Roach x5  
  96  7:29  Roach x3  
  112  7:31  Overseer  
  112  7:37  Roach  
  112  7:38  Roach x3  
  120  7:46  Overlord x3  
  120  7:52  Overlord x2  
  120  8:02  Overlord x2  
  120  8:05  Roach x6  
  132  8:12  Roach x6  
  144  8:16  Roach x2  
  144  8:19  Ravager x3  
  156  8:20  Ravager x5  
  156  8:22  Ravager x4  
  156  8:23  Ravager  
  161  8:30  Roach x4  
  169  8:35  Roach x3  
  169  8:37  Roach  
  169  8:39  Ravager x4  
  180  8:52  Roach  
  182  8:58  Overlord x2  
  182  9:02  Spore Crawler  
  174  9:12  Spine Crawler x2  
  174  9:14  Spine Crawler  
  174  9:16  Spine Crawler  

Tags
 
Add a new tag
Caveats
  • Supply blocks, unpowered buildings, or Contaminate may cause inaccurate times.
  • Supply counts are checked every 10 seconds.